 Dungeon Crawl Stone Soup version 0.29.0-4-gdea44cf6ec (webtiles) character file.

Game seed: 15813212623069902414

95 qw the Chopper (level 4, -2/35 HPs)
             Began as a Demonspawn Cinder Acolyte on Sept 9, 2022.
             Was a High Priest of Ignis.
             Slain by an iguana (3 damage)
             ... on level 5 of the Dungeon.
             The game lasted 00:00:35 (2119 turns).

qw the Chopper (Demonspawn Cinder Acolyte)          Turns: 2119, Time: 00:00:36

Health: -2/35      AC: 15    Str: 17    XL:     4   Next: 39%
Magic:  5/5        EV:  9    Int: 15    God:    Ignis [*****.]
Gold:   138        SH:  0    Dex:  8    Spells: 5/5 levels left

rFire   + . .      SeeInvis .   Y - -1 hand axe (flame)
rCold   . . .      Faith    .   (no shield)
rNeg    . . .      Spirit   .   a - +0 scale mail
rPois   .          Reflect  .   (no helmet)
rElec   .          Harm     .   (no cloak)
rCorr   .          Rampage  .   (no gloves)
Will    .....                   c - +0 pair of boots
Stlth   ..........              (no amulet)
HPRegen 0.11/turn               (no ring)
MPRegen 0.09/turn               (no ring)

@: fiery-armoured
A: sharp scales 1, weakness stinger 1
a: Renounce Religion, Fiery Armour, Foxfire Swarm, Rising Flame


You were on level 5 of the Dungeon.
You worshipped Ignis.
Ignis was extremely pleased with you.
You visited 1 branch of the dungeon, and saw 4 of its levels.

You collected 138 gold pieces.


Innate Abilities, Weirdness & Mutations

You are partially covered in razor-sharp scales. (AC +1, Slay +1)
You have a small tail.


   Skills:
 - Level 3.0 Fighting
 + Level 4.0 Axes
 - Level 1.7 Armour
 - Level 1.0 Dodging
 - Level 1.0 Spellcasting
 - Level 2.6 Fire Magic


You had 5 spell levels left.
You didn't know any spells.
Your spell library contained the following spells:

 Spells                   Type           Power      Damage    Failure   Level
 Scorch                   Fire           16%        2d5       38%         2

Inventory:

Hand Weapons
 Y - a -1 hand axe of flaming (weapon)
Armour
 a - a +0 scale mail (worn)
 b - a +2 pair of gloves
 c - a +0 pair of boots (worn)
Scrolls
 f - a scroll of identify
Potions
 d - a potion of brilliance {unknown}
 e - 2 potions of curing
 g - a potion of degeneration {unknown}
 h - a potion of lignification {unknown}
 i - a potion of mutation {unknown}

Dungeon Overview and Level Annotations

Branches:
Dungeon (3/15)

Altars:
Ashenzari

Shops:
D:3 (


Message History

The iguana hisses angrily.
The ogre shouts!
An orc comes into view. It is wielding a +0 flail.
There is an open door here.
You see here a howler monkey corpse.
2113 ||| INVOKING Fiery Armour.
A protective cloak of flame settles atop you.
An orc comes into view. It is wielding a +0 club.
The orc shouts!
The orc hits you but does no damage.
The orc is burned by your cloak of flames.
The orc is severely wounded.
You barely miss the orc.
The orc is severely wounded.
You closely miss the ogre.
An orc breaks down the door.
The ogre misses you. The orc hits you but does no damage.
The orc is burned by your cloak of flames.
You kill the orc!
An adder comes into view.
The adder hisses angrily.
You hit the ogre. You burn the ogre.
The ogre is moderately wounded.
You hit the iguana but do no damage. The iguana closely misses you.
The ogre hits you with a +0 giant spiked club!
The ogre is burned by your cloak of flames.
The ogre is moderately wounded.
You barely miss the ogre.
The ogre is moderately wounded.
You barely miss the iguana. You barely miss the orc.
The orc closely misses you. The iguana closely misses you.
You hit the ogre. You burn the ogre.
The ogre is severely wounded.
You barely miss the orc. You barely miss the iguana.
The ogre hits you with a +0 giant spiked club!!
Ouch! That really hurt!
The ogre is burned by your cloak of flames.
The ogre is severely wounded.
The orc closely misses you. The iguana bites you.
You die...

........#
........#
........#
........#
......<.#
........#######
......Ooo..S...
......l@#
#######.#
####%####+###
#...........#
#...........#
#...........#
+...........#
#...........#
#...........####


You could see an ogre, an iguana, an adder and 2 orcs.

Vanquished Creatures
  A howler monkey (D:5)
  An adder (D:2)
  4 dart slugs
  An orc (D:5)
  2 ball pythons
  2 endoplasms
  4 giant cockroaches (D:2)
  3 goblins (D:1)
  A hobgoblin (D:1)
  5 jackals
  4 bats
  A frilled lizard (D:1)
  3 kobolds
  4 rats
36 creatures vanquished.

Notes
Turn   | Place    | Note
-------+----------+-------------------------------------------
     0 | D:1      | qw the Demonspawn Cinder Acolyte began the quest for the
                  | Orb.
     0 | D:1      | Reached XP level 1. HP: 18/18 MP: 2/2
     0 | D:1      | 0 ||| qw: Version: 0.1-a-113-g051387a
     0 | D:1      | 0 ||| qw: Game counter: 7093
     0 | D:1      | 0 ||| qw: Always use a shield: true
     0 | D:1      | 0 ||| qw: God list: Okawaru
     0 | D:1      | 0 ||| qw: Allow faded altars: false
     0 | D:1      | 0 ||| qw: Do Orc after D:15 true
     0 | D:1      | 0 ||| qw: Do second Lair branch before Depths: true
     0 | D:1      | 0 ||| qw: Lair rune preference: random
     0 | D:1      | 0 ||| qw: Plans: Normal
     0 | D:1      | 0 ||| PLANNING D:1-11
    97 | D:1      | 97 ||| Stepping ~*~*~tactically~*~*~ (hiding).
   206 | D:1      | Reached skill level 3 in Axes
   434 | D:1      | Gained mutation: You have a small tail. [demonic ancestry]
   434 | D:1      | Reached XP level 2. HP: 24/24 MP: 3/3
   469 | D:1      | 469 ||| Stepping ~*~*~tactically~*~*~ (stealth).
   500 | D:1      | 500 ||| Stepping ~*~*~tactically~*~*~ (stealth).
   872 | D:1      | Found a faded altar of an unknown god.
  1048 | D:1      | 1048 ||| READING scroll labelled FODGHO JIZEDOM.
  1071 | D:2      | 1071 ||| Stepping ~*~*~tactically~*~*~ (hiding).
  1103 | D:2      | 1103 ||| INVOKING Fiery Armour.
  1104 | D:2      | HP: 5/24 [adder (3)]
  1106 | D:2      | Reached XP level 3. HP: 6/29 MP: 4/4
  1109 | D:2      | HP: 2/29 [poisoned by an adder]
  1182 | D:2      | 1182 ||| Stepping ~*~*~tactically~*~*~ (stealth).
  1430 | D:2      | Reached skill level 4 in Axes
  1623 | D:2      | Found a broken altar of Ashenzari.
  1922 | D:2      | Reached skill level 1 in Dodging
  2037 | D:2      | 2037 ||| UPGRADING to +0 scale mail.
  2047 | D:2      | 2047 ||| DROPPING +0 robe.
  2048 | D:2      | 2048 ||| UPGRADING to +0 pair of boots.
  2053 | D:2      | 2053 ||| READING scroll labelled VADDATOESH.
  2054 | D:2      | 2054 ||| READING scroll labelled FURAQ RASEE.
  2059 | D:2      | 2059 ||| DRINKING 3 lumpy coppery potions.
  2094 | D:3      | Found Rufestre's Weapon Shop.
  2095 | D:3      | You fall into a shaft and drop 2 floors!
  2095 | D:5      | Entered Level 5 of the Dungeon
  2112 | D:5      | Reached skill level 1 in Armour
  2112 | D:5      | Gained mutation: You are partially covered in razor-sharp
                  | scales. (AC +1, Slay +1) [demonic ancestry]
  2112 | D:5      | Reached XP level 4. HP: 31/35 MP: 5/5
  2112 | D:5      | Noticed an ogre
  2113 | D:5      | 2113 ||| INVOKING Fiery Armour.
  2119 | D:5      | HP: 1/35 [ogre/+0 giant spiked club (20)]
  2119 | D:5      | Slain by an iguana

Levels and vault maps discovered:
D:1:      saegor_arrival_fortress, layout_rooms,
          shapermc_ecumenical_altar_ellora, st_stairs_6,
          chequers_serial_rivers_small_3
D:2:      layout_loops_ring, basic_altar
D:3:      layout_basic, serial_shops, shop_fountains, shop,
          nicolae_shop_advertising_works [nicolae_subvault_shop_adworks],
          uniq_jessica, uniq_grinder
D:5:      layout_basic, nicolae_dithmenos_shadow_blocks, lemuel_crystal_altar,
          lemuel_mausoleum_altar_yredelemnul, nicolae_tso_carved_into_rock

Skill      XL: |  1  2  3 |
---------------+----------+-----
Axes           | 3 4 |  4.0
Dodging        | 1 |  1.0
Armour         | 1 |  1.7
Fighting       | |  3.0
Spellcasting   | |  1.0
Fire Magic     | |  2.6

Action                   |  1- 3 |  4- 6 || total
-------------------------+-------+-------++-------
Melee: Hand axe          |   104 |     4 ||   108
       Tailslap          |    10 |       ||    10
Invok: Fiery Armour      |     1 |     1 ||     2
  Use: Scroll            |     3 |       ||     3
       Potion            |     1 |       ||     1
Armor: Robe              |    16 |       ||    16
       Scale mail        |     1 |     2 ||     3
Dodge: Dodged            |    64 |     5 ||    69

Table legend:
 A = Non-vault XP
 B = Vault XP
 C = Vault XP percentage of total XP
 D = Non-vault monster count
 E = Vault monster count
 F = Vault count percentage of total count
                 A         B        C        D         E       F
            +---------+---------+-------+---------+---------+-------
      Total |     135 |       1 |   0.7 |      35 |       1 |   2.8
            +---------+---------+-------+---------+---------+-------
        D:1 |      29 |       1 |   3.3 |      15 |       1 |   6.2
        D:2 |      46 |       0 |   0.0 |      18 |       0 |   0.0
        D:5 |      60 |       0 |   0.0 |       2 |       0 |   0.0
            +---------+---------+-------+---------+---------+-------
